 Dungeon Crawl Stone Soup version 0.29.1-2-gbd0b4ee654 (webtiles) character file.

Game seed: 6968667354584186390

45 Goreval the Vexing (level 3, -1/19 HPs)
             Began as a Vampire Enchanter on Nov 16, 2022.
             Slain by a goblin
             ... wielding a +0 club
              (4 damage)
             ... on level 2 of the Dungeon.
             The game lasted 00:03:12 (1586 turns).

Goreval the Vexing (Vampire Enchanter)              Turns: 1586, Time: 00:03:13

Health: -1/19      AC:  2    Str:  7    XL:     3   Next: 42%
Magic:  0/6        EV: 12    Int: 25    God:
Gold:   86         SH:  0    Dex: 14    Spells: 1/6 levels left

rFire   . . .      SeeInvis +   f - +3 dagger
rCold   + + .      Faith    .   (no shield)
rNeg    + + +      Spirit   .   b - +0 robe
rPois   ∞          Reflect  .   (no helmet)
rElec   .          Harm     .   (no cloak)
rCorr   .          Rampage  .   (no gloves)
Will    .....                   (no boots)
Stlth   +++++.....              (no amulet)
HPRegen 0.00/turn               k - +6 ring of intelligence
MPRegen 0.10/turn               (no ring)

@: very slightly contaminated, bloodless, inhibited regen
A: bloodless, fangs 3, see invisible, vampiric 2
a: Bat Form, Revivify


You were on level 2 of the Dungeon.
You visited 1 branch of the dungeon, and saw 2 of its levels.

You collected 86 gold pieces.

Inventory:

Hand Weapons
 f - a +3 dagger (weapon)
 j - a +0 vampiric dagger
Missiles
 o - 6 stones
Armour
 b - a +0 robe (worn)
Jewellery
 k - a +6 ring of intelligence (left hand)
Scrolls
 a - 3 scrolls of identify {unknown}
 e - 3 scrolls of teleportation {unknown}
 g - 3 scrolls of torment {unknown}
 h - a scroll of vulnerability {unknown}
 m - a scroll of fear {unknown}
Potions
 c - 2 potions of invisibility
 d - 2 potions of curing {unknown}
 i - a potion of attraction {unknown}
 l - a potion of haste {unknown}
 n - a potion of brilliance {unknown}


   Skills:
 * Level 2.2 Short Blades
 - Level 2.1 Dodging
 + Level 5.0 Stealth
 + Level 2.2 Spellcasting
 * Level 5.2 Hexes


You had one spell level left.
You knew the following spells:

 Your Spells              Type           Power      Damage    Failure   Level
a - Ensorcelled Hibernat  Hex/Ice        32%        N/A       5%          2
b - Confusing Touch       Hex            29%        N/A       3%          3

Your spell library contained the following spells:

 Spells                   Type           Power      Damage    Failure   Level
 Tukima's Dance           Hex            29%        N/A       3%          3
 Dazzling Flash           Conj/Hex       32%        N/A       11%         3


Dungeon Overview and Level Annotations

Branches:
Dungeon (2/15)

Altars:


Innate Abilities, Weirdness & Mutations

You do not regenerate when monsters are visible.
You are frail without blood (-20% HP).
You can heal yourself when you bite living creatures.
You are immune to poison.
You have razor-sharp teeth.
You have supernaturally acute eyesight. (SInv)
You are afflicted with vampirism and can become a bat while bloodless.


Message History

The helpless quokka fails to defend itself.
You bite the quokka, and draw its blood!
You impale the quokka!!
You kill the quokka!
n - a murky sapphire potion
Found 7 stones.
A goblin comes into view. It is wielding a +0 club.
Found a scroll labelled KIXKOT UTIDUMO.
A goblin comes into view. It is wielding a +0 club.
Found 10 gold pieces.
You see here 7 stones.
o - 7 stones You throw a stone.
The stone hits the goblin.
The goblin shouts! x2
An endoplasm comes into view.
You closely miss the goblin. The goblin closely misses you.
Clearing quiver.
The goblin attacks as you move away! The goblin hits you with a +0 club.
The goblin attacks as you move away! The goblin hits you with a +0 club.
You hit the goblin.
You kill the goblin!
The goblin hits you with a +0 club.
You see here a +0 club.
Aim: a goblin, wielding a +0 club (chance to affect: 67%)
The goblin struggles to resist.
The goblin hits you but does no damage.
Aim: a goblin, wielding a +0 club (chance to affect: 67%)
The goblin struggles to resist.
The goblin hits you but does no damage.
You hit the goblin. The goblin hits you with a +0 club.
Aim: a goblin, wielding a +0 club (moderately wounded, chance to affect: 67%)
You miscast Ensorcelled Hibernation.
You are very lightly contaminated with residual magic.
Nothing appears to happen.
The endoplasm closely misses you. The goblin hits you with a +0 club.
* * * LOW HITPOINT WARNING * * *
The goblin attacks as you move away! The goblin hits you with a +0 club.
* * * LOW HITPOINT WARNING * * *
You don't have enough magic to cast this spell.
You barely miss the goblin. The goblin barely misses you.
You barely miss the goblin. The goblin hits you with a +0 club.
You die...

##. ########## #.. ..........
...# #.# .........# ....# #.#
.........# ....#.....##..
.........# ..........#..#
.........######.......#.##...
#.......#.....##......#....
#......Jg@..>........##....
#...$...#............#.....
#..?......#.....♣...##.#...
#.......###....~~~.........
#.......# ##...~~P..###....
#........###....~~P....###..
.......####......~♣......###
.....# #............#...#
#............###.#


You could see an endoplasm and a goblin.

Vanquished Creatures
  An adder (D:2)
  A dart slug (D:1)
  2 endoplasms (D:1)
  3 giant cockroaches (D:1)
  2 goblins
  4 hobgoblins
  6 kobolds
  2 quokkas
  4 bats
  3 frilled lizards
  3 rats
31 creatures vanquished.

Vanquished Creatures (others)
  9 plants
9 creatures vanquished.

Grand Total: 40 creatures vanquished

Notes
Turn   | Place    | Note
-------+----------+-------------------------------------------
     0 | D:1      | Goreval the Vampire Enchanter began the quest for the Orb.
     0 | D:1      | Reached XP level 1. HP: 13/13 MP: 3/3
   248 | D:1      | Reached XP level 2. HP: 19/19 MP: 5/5
   251 | D:1      | Learned a level 2 spell: Ensorcelled Hibernation
   920 | D:1      | Reached skill level 5 in Hexes
  1265 | D:2      | Gained mutation: You are afflicted with vampirism and can
                  | become a bat while bloodless. [Vampire growth]
  1265 | D:2      | Reached XP level 3. HP: 24/24 MP: 1/6
  1437 | D:2      | Reached skill level 5 in Stealth
  1488 | D:2      | Learned a level 3 spell: Confusing Touch
  1586 | D:2      | Slain by a goblin

Illustrated notes

Levels and vault maps discovered:
D:1:      mrwooster_arrival_statue_3, layout_loops_corners, serial_forest,
          infiniplex_forest_lined_3, infiniplex_forest_clump_medium,
          infiniplex_forest_side_room, infiniplex_forest_straight_1,
          infiniplex_forest_lined_2, infiniplex_forest_lined_3,
          infiniplex_forest_clump_diagonal, infiniplex_forest_clump_large,
          infiniplex_forest_end_3, infiniplex_forest_lined_room_,
          minmay_misc_feat_room
D:2:      minmay_skewed_foursquare, layout_rooms, serial_bayou,
          serial_bayou_ford_a, serial_bayou_pond_e, serial_bayou_shore_a,
          serial_bayou_shore_b

Skill      XL: |  1  2  3 |
---------------+----------+-----
Hexes          | 5 |  5.2
Short Blades   | 2 |  2.2
Stealth        | 5 |  5.0
Dodging        | |  2.1
Spellcasting   | |  2.2

Action                   || total
-------------------------++-------
Melee: Dagger            ||    70
       Bite              ||     6
Throw: Stone             ||     1
 Cast: Ensorcelled Hiber ||    11
 Abil: Exsanguinate      ||     1
 Stab: Sleeping          ||    16
Armor: Robe              ||    11
Dodge: Dodged            ||    29
